AoeStats
← Jer

Arena

508065991Analyzed
2v2 RM · 11d ago on Sep 20, 2026· 39m 4s· 4 players
Game mode
Random Map
Map size
Medium (4 player)
Population
200
Speed
Normal
Resources
Standard
Victory
Conquest
Starting age
Dark Age
Ending age
Imperial Age
RankedLock teamsTeams togetherTeam positionsShared explorationLock speedFull tech treeHidden civsTurbo modeCheats
Victory
Defeat
🇧🇷 Bohemians · Brazil
1066
+14
🇬🇧 Britons · United Kingdom
1046
+15
🇷🇺 Persians · Russia
1028
-15
🇷🇺 Ethiopians · Russia
1017
-14
Felinehen123
8:07 Loom
10:40 Feudal Age
15:57 Castle Age
14:22 Stone Mining
16:35 Fletching
17:49 Horse Collar
20:02 Padded Archer Armor
20:01 Horse Collar
22:50 Bodkin Arrow
26:01 Yeomen
29:34 Wheelbarrow
28:49 Double-Bit Axe
28:58 Gold Mining
29:13 Heavy Plow
30:10 Ballistics
33:54 Imperial Age
34:42 Bracer
35:53 Chemistry
37:56 Elite Longbowman
38:57 Conscription
Jaguar_BR
10:17 Loom
12:48 Feudal Age
17:04 Castle Age
14:50 Double-Bit Axe
18:42 Fletching
22:35 Town Watch
25:40 Bodkin Arrow
26:34 Horse Collar
33:47 Imperial Age
32:12 Pikeman
32:53 Squires
33:04 Forging
33:39 Scale Mail Armor
34:21 Wheelbarrow
34:25 Iron Casting
35:10 Sanctity
34:56 Scale Barding Armor
35:12 Halberdier
38:04 Chain Mail Armor
38:50 Blast Furnace
39:07 Chemistry
38:28 Ballistics
Jer
10:29 Feudal Age
10:18 Loom
16:03 Castle Age
14:06 Stone Mining
15:07 Horse Collar
22:04 Heavy Plow
21:52 Double-Bit Axe
31:39 Scale Barding Armor
33:01 Wheelbarrow
32:48 Bloodlines
33:58 Husbandry
34:13 Gold Mining
35:23 Forging
36:13 Chain Barding Armor
38:34 Iron Casting
Nihad 愛
11:02 Feudal Age
9:43 Loom
11:28 Horse Collar
11:36 Double-Bit Axe
12:00 Town Watch
16:02 Stone Mining
16:05 Gold Mining
18:26 Castle Age
24:25 Gold Shaft Mining
23:52 Heavy Plow
24:06 Bow Saw
24:59 Scale Barding Armor
25:05 Forging
25:34 Light Cavalry
28:26 Scale Mail Armor
32:44 Husbandry
35:48 Chain Mail Armor
Connection lost

Rejoining the realm…

Still unreachable

The connection could not be restored.

Session expired

The server has moved on; the page needs a fresh start.